 Dungeon Crawl Stone Soup version 0.25-a0-1133-g93ebf739aa (webtiles) character file.

Game seed: 13760490766249372519, levelgen mode: deterministic

218 Napalmbreeze the Skirmisher (level 5, -21/51 HPs)
             Began as a Minotaur Fighter on May 21, 2020.
             Demolished by an ogre
             ... wielding a +0 giant club
              (24 damage)
             ... on level 4 of the Dungeon.
             The game lasted 00:04:57 (2557 turns).

Napalmbreeze the Skirmisher (Minotaur Fighter)      Turns: 2557, Time: 00:04:57

Health: -21/51     AC:  9    Str: 21    XL:     5   Next: 63%
Magic:  4/4        EV:  7    Int:  5    God:
Gold:   169        SH:  9    Dex: 10    Spells: 4/4 levels left

rFire    . . .     SeeInvis .   a - +0 war axe
rCold    . . .     Gourm    .   c - +0 kite shield
rNeg     . . .     Faith    .   b - +0 scale mail
rPois    .         Spirit   .   (helmet restricted)
rElec    .         Reflect  .   (no cloak)
rCorr    .         Harm     .   (no gloves)
MR       .....                  h - +1 pair of boots
Stlth    ..........             (no amulet)
HPRegen  0.17/turn              e - ring of wizardry
MPRegen  0.09/turn              (no ring)

@: no status effects
A: retaliatory headbutt, horns 2
a: no special abilities


You were on level 4 of the Dungeon.
You were hungry.

You visited 1 branch of the dungeon, and saw 4 of its levels.

You collected 169 gold pieces.

Inventory:

Hand Weapons
 a - a +0 war axe (weapon)
 o - the +1 short sword of Goown {freeze, rN+ MP+9 Str+2 Int+2}
   (You found it on level 4 of the Dungeon)

   It has been specially enchanted to freeze those struck by it, causing extra
   injury to most foes and up to half again as much damage against particularly
   susceptible opponents.
   It can also slow down cold-blooded creatures.
   It affects your strength (+2).
   It affects your intelligence (+2).
   It protects you from negative energy.
   It affects your magic capacity (+9).
Missiles
 s - 4 boomerangs of dispersal (quivered)
 v - 5 atropa-tipped darts
Armour
 b - a +0 scale mail (worn)
 c - a +0 kite shield (worn)
 h - a +1 pair of boots (worn)
Jewellery
 e - a ring of wizardry (left hand)
Scrolls
 g - 6 scrolls of teleportation
 j - a scroll of enchant weapon
 k - a scroll of fear
 t - a scroll of enchant armour {unknown}
 y - 2 scrolls of immolation {unknown}
Potions
 d - a potion of might
 i - a potion of haste {unknown}
 l - a potion of stabbing {unknown}
 m - 2 potions of heal wounds {unknown}
 p - a potion of lignification {unknown}
 q - 2 potions of mutation {unknown}
 u - a potion of invisibility {unknown}
 x - a potion of resistance {unknown}
Comestibles
 f - 9 rations
 w - 2 chunks of flesh


   Skills:
 + Level 6.5 Fighting
 + Level 4.7 Axes
 - Level 3.6 Armour
 - Level 3.6 Shields


You had 4 spell levels left.
You didn't know any spells.
Your spell library was empty.

Dungeon Overview and Level Annotations

Branches:
Dungeon (4/15)
 Temple: D:4-7

Altars:


Innate Abilities, Weirdness & Mutations

You reflexively headbutt those who attack you in melee.
You have a pair of horns on your head.


Message History

Here: an ogre, wielding a +0 giant club The floor.
You hit the ogre but do no damage.
The ogre hits you with a +0 giant club!!
You slash the ogre!
The ogre is moderately wounded.
You are feeling hungry.
The ogre hits you with a +0 giant club.
You hit the ogre but do no damage.
The ogre is moderately wounded.
The ogre hits you but does no damage.
You slash the ogre!
The ogre is severely wounded.
You block the ogre's attack.
You hit the ogre.
The ogre is almost dead.
The ogre hits you with a +0 giant club!!
* * * LOW HITPOINT WARNING * * *
The ogre hits you with a +0 giant club!!
You die...

..# ##..# #...#
#.###.#.# ..
#.......####..
#.
#####........#
#.# #..#.###...
#.. #O##.# . ...
##@# .# ...
##..# .# ...##
#รท.## .#
...<###### #.##
.# .....#...##
#.# ..
..........####.#
...........##..#
...........##.##
...........#..#


You could see an ogre.

Vanquished Creatures
  A howler monkey (D:3)
  A worker ant (D:2)
  4 adders
  An ooze (D:2)
  3 worms (D:2)
  10 dart slugs
  5 leopard geckos
  5 orcs (D:3)
  9 bats
  5 giant cockroaches
  6 goblins
  5 hobgoblins
  6 jackals
  2 quokkas (D:2)
  4 frilled lizards
  3 kobolds
  10 rats
80 creatures vanquished.

Notes
Turn   | Place    | Note
-------+----------+-------------------------------------------
     0 | D:1      | Napalmbreeze the Minotaur Fighter began the quest for the
                  | Orb.
     0 | D:1      | Reached XP level 1. HP: 19/19 MP: 0/0
    41 | D:1      | Reached skill level 4 in Fighting
    47 | D:1      | Reached XP level 2. HP: 25/28 MP: 1/1
   236 | D:1      | Reached skill level 5 in Fighting
   493 | D:2      | Reached XP level 3. HP: 36/36 MP: 2/2
   866 | D:2      | Reached XP level 4. HP: 34/42 MP: 3/3
  1618 | D:3      | Reached skill level 6 in Fighting
  1618 | D:3      | Reached XP level 5. HP: 44/50 MP: 4/4
  2516 | D:4      | Got an ebony short sword
  2520 | D:4      | Identified the cursed +1 short sword of Goown {freeze, rN+
                  | MP+9 Str+2 Int+2} (You found it on level 4 of the Dungeon)
  2544 | D:4      | Noticed an ogre
  2557 | D:4      | Demolished by an ogre

Illustrated notes

Levels and vault maps discovered:
D:1:      psy_arrival_statuary, layout_rooms
D:2:      layout_basic
D:3:      kennysheep_slugbush, layout_basic
D:4:      layout_rooms, uniq_sigmund

Skill      XL: |  1  2  3  4 |
---------------+-------------+-----
Fighting       | 4 5 6 |  6.5
Axes           | 3 4 |  4.7
Armour         | |  3.6
Shields        | |  3.6

Action                   |  1- 3 |  4- 6 || total
-------------------------+-------+-------++-------
Melee: War axe           |    73 |    93 ||   166
       Headbutt          |    13 |    17 ||    30
  Use: Scroll            |       |     6 ||     6
  Eat: Chunk             |       |     5 ||     5
Armor: Scale mail        |    31 |    26 ||    57
Dodge: Dodged            |    15 |    30 ||    45
Block: Kite shield       |    38 |    50 ||    88

Table legend:
 A = Non-vault XP
 B = Vault XP
 C = Vault XP percentage of total XP
 D = Non-vault monster count
 E = Vault monster count
 F = Vault count percentage of total count
                 A         B        C        D         E       F
            +---------+---------+-------+---------+---------+-------
      Total |     280 |      32 |  10.3 |      72 |       8 |  10.0
            +---------+---------+-------+---------+---------+-------
        D:1 |      40 |       0 |   0.0 |      22 |       0 |   0.0
        D:2 |     102 |       0 |   0.0 |      25 |       0 |   0.0
        D:3 |     134 |      32 |  19.3 |      23 |       8 |  25.8
        D:4 |       4 |       0 |   0.0 |       2 |       0 |   0.0
            +---------+---------+-------+---------+---------+-------
